 Dungeon Crawl Stone Soup version 0.24-a0-529-g0b98641 (webtiles) character file.

Game seed: 17412703200292039277

82076 JeffiDaFish the Eclecticist (level 15, -6/120 HPs)
             Began as a Mummy Necromancer on July 29, 2019.
             Was the Champion of Kikubaaqudgha.
             Killed from afar by an orc sorcerer (63 damage)
             ... with a bolt of fire
             ... on level 15 of the Dungeon on Aug 7, 2019.
             The game lasted 01:58:48 (32703 turns).

JeffiDaFish the Eclecticist (Mummy Necromancer)    Turns: 32703, Time: 01:58:52

Health: -6/120     AC: 10    Str: 12    XL:     15   Next: 28%
Magic:  32/36      EV: 12    Int: 23    God:    Kikubaaqudgha [******]
Gold:   700        SH:  3    Dex: 15    Spells: 13/49 levels left

rFire    x . .     SeeInvis .   y - +7 pair of quick blades "Gyre" and "Gimble" {protect}
rCold    + . .     Gourm    .   (shield currently unavailable)
rNeg     + + +     Faith    .   k - +2 robe {MR+}
rPois    ∞         Spirit   .   G - +2 hat
rElec    .         Reflect  +   q - +2 cloak {rPois}
rCorr    .         Harm     .   (no gloves)
MR       ++...                  m - +0 pair of boots
Stlth    ++........             c - +3 amulet of reflection
HPRegen  0.30/turn              C - +5 ring of intelligence
MPRegen  0.25/turn              e - ring of wizardry

@: studying Axes
A: no food or potions, fire vulnerability, cold resistance 1, negative energy
resistance 3, torment resistance, unbreathing, in touch with death 1
a: Receive Corpses, Torment, Renounce Religion


You were on level 15 of the Dungeon.
You worshipped Kikubaaqudgha.
Kikubaaqudgha was exalted by your worship.
You were not hungry.

You visited 4 branches of the dungeon, and saw 24 of its levels.
You also visited: Ossuary.

You collected 2135 gold pieces.
You spent 1435 gold pieces at shops.

Inventory:

Hand Weapons
 b - a +1 spear
 p - a +2 dagger of pain
 y - the +7 pair of quick blades "Gyre" and "Gimble" (weapon) {protect}
   (You found it on level 3 of the Lair of Beasts)

   It grants its wielder temporary protection when it strikes (+7 to AC).
Armour
 k - a +2 robe of magic resistance (worn)
 m - a +0 pair of boots (worn)
 q - a +2 cloak of poison resistance (worn)
 F - the +3 buckler of the Beekeeper {Dex+4}
   (You took it off an orc on level 15 of the Dungeon)

   It affects your dexterity (+4).
 G - a +2 hat (worn)
Jewellery
 c - a +3 amulet of reflection (around neck)
 d - an uncursed ring of protection from cold
 e - a ring of wizardry (right hand)
 j - an uncursed ring of see invisible
 n - a +6 ring of strength
 o - an uncursed ring of ice
 s - an uncursed ring of magical power
 C - a +5 ring of intelligence (left hand)
 D - an uncursed ring of fire
Wands
 h - a wand of disintegration (19)
 r - a wand of digging (3)
 t - a wand of enslavement (27)
 u - a wand of iceblast (32)
 B - a wand of paralysis (7)
Scrolls
 a - 4 scrolls of magic mapping
 f - 5 scrolls of remove curse
 g - 10 scrolls of identify
 i - 2 scrolls of blinking
 l - 3 scrolls of amnesia
 v - a scroll of fear
 w - 2 scrolls of fog
 x - 5 scrolls of teleportation
 z - 5 scrolls of enchant weapon
 A - a scroll of enchant armour
Books
 E - a manual of Axes


   Skills:
 - Level 11.6 Fighting
 - Level 1.5 Dodging
 - Level 1.5 Stealth
 + Level 0.5 Shields
 * Level 17.9 Spellcasting
 - Level 7.0 Conjurations
 - Level 5.0 Hexes
 * Level 16.3 Necromancy


You had 13 spell levels left.
You knew the following spells:

 Your Spells              Type           Power        Failure   Level  Hunger
a - Pain                  Necr           ####         0%          1    N/A
b - Animate Skeleton      Necr           N/A          0%          1    N/A
c - Vampiric Draining     Necr           #######...   0%          3    N/A
d - Animate Dead          Necr           N/A          1%          4    N/A
e - Confuse               Hex            #####...     1%          3    N/A
f - Dispel Undead         Necr           #######.     1%          5    N/A
g - Bolt of Draining      Conj/Necr      #######...   1%          5    N/A
h - Death Channel         Necr           #######...   1%          6    N/A
i - Infestation           Necr           #######...   9%          8    N/A

Your spell library contained the following spells:

 Spells                   Type           Power        Failure   Level  Hunger
 Corpse Rot               Necr           N/A          0%          2    N/A
 Apportation              Tloc           ###...       1%          1    N/A
 Confusing Touch          Hex            #####.       1%          1    N/A
 Corona                   Hex            #####..      1%          1    N/A
 Freeze                   Ice            ###.         1%          1    N/A
 Infusion                 Chrm           ###.         1%          1    N/A
 Magic Dart               Conj           ####         1%          1    N/A
 Summon Small Mammal      Summ           ###.         1%          1    N/A
 Blink                    Tloc           N/A          1%          2    N/A
 Call Imp                 Summ           ###.....     1%          2    N/A
 Ensorcelled Hibernation  Hex/Ice        ####..       1%          2    N/A
 Shroud of Golubria       Chrm/Tloc      ###...       1%          2    N/A
 Slow                     Hex            #####...     1%          2    N/A
 Song of Slaying          Chrm           ###.....     1%          2    N/A
 Sticks to Snakes         Tmut           ###.....     1%          2    N/A
 Throw Frost              Conj/Ice       #####.       1%          2    N/A
 Conjure Flame            Conj/Fire      #####...     1%          3    N/A
 Dazzling Spray           Conj/Hex       #####.       1%          3    N/A
 Mephitic Cloud           Conj/Pois/Air  ####....     1%          3    N/A
 Spectral Weapon          Hex/Chrm       ####....     1%          3    N/A
 Tukima's Dance           Hex            #####...     1%          3    N/A
 Excruciating Wounds      Chrm/Necr      ######....   1%          5    N/A
 Throw Icicle             Conj/Ice       #####...     2%          4    N/A
 Ozocubu's Armour         Chrm/Ice       ###.....     3%          3    N/A
 Summon Ice Beast         Ice/Summ       ###.....     11%         4    N/A
 Haunt                    Necr/Summ      ######....   28%         7    N/A
 Beastly Appendage        Tmut           Unusable     N/A         1    N/A
 Regeneration             Chrm/Necr      Unusable     N/A         3    N/A
 Spider Form              Tmut/Pois      Unusable     N/A         3    N/A
 Borgnjor's Revivificati  Necr           Unusable     N/A         8    N/A
 Ice Form                 Ice/Tmut       Unusable     N/A         4    N/A
 Blade Hands              Tmut           Unusable     N/A         5    N/A
 Death's Door             Chrm/Necr      Unusable     N/A         8    N/A
 Necromutation            Tmut/Necr      Unusable     N/A         8    N/A

Dungeon Overview and Level Annotations

Branches:
Dungeon (15/15)            Temple (1/1) D:7            Lair (6/6) D:9
 Shoals (0/4) Lair:4        Snake (0/4) Lair:3        Slime (0/5) Lair:6
    Orc (2/2) D:9             Elf (0/3) Orc:2        Vaults (0/5) D:13
 Depths: D:15

Altars:
Ashenzari
Cheibriados
Dithmenos
Elyvilon
Fedhas
Gozag
Hepliaklqana
Kikubaaqudgha
Makhleb
Nemelex Xobeh
Okawaru
Qazlal
Ru
Sif Muna
Trog
Uskayaw
Vehumet
Wu Jian
Yredelemnul
Zin
The Shining One
Beogh

Shops:
Orc:2 }[:

Annotations:
Lair:3 exclusion: 2 oklob plants


Innate Abilities, Weirdness & Mutations

You do not eat or drink.
Your flesh is vulnerable to fire.
You are immune to poison.
Your flesh is cold resistant. (rC+)
You are immune to negative energy. (rN+++)
You are immune to unholy pain and torment.
You can survive without breathing.
You are in touch with the powers of death.


Message History

You feel a surge of power!
The bolt of negative energy hits the wizard!!!
The wizard is drained!
You kill the wizard!
Kikubaaqudgha accepts your kill.
The orc sorcerer shouts!
The orc sorcerer casts a spell.
The orc sorcerer casts a spell at you. The bolt of fire hits you!!
The fire burns you terribly!
You hear a shout!
Casting: Bolt of Draining (safe; 1% risk of failure)
Confirm with . or Enter, or press ? or * to list all spells.
Okay, then.
You close the door.
The orc sorcerer wildly gestures.
You feel troubled.
The orc sorcerer gestures at you while chanting.
The bolt of fire hits you!!! The fire burns you terribly!
Ouch! That really hurt!
You die...
Kikubaaqudgha rasps: "You have failed me!
Welcome... oblivion!"

#...........................#....
####....##.###+##.##.####)..##'##
#######.##..##.##. ##...##.##
.......(.......# +.........
.......(.......# #.........
...............# #.........
#.......##...<.# ###....##
#.......##.....#########...Z##
+............@...............#
#.............!...........(.Z#
#...........................)#
#.##....##...##...##..###+....
.... #...##.#.##..##...P!P ...
....###o###.....^..%_. .. ....##
... #.......P.P ....# ..).$
##....(.... ..## .#####.
#.....###.


You could see an orc sorcerer.

Vanquished Creatures
  Snorg (D:11)
  5 vault guards (D:13)
  Fannar (Lair:3)
  A hydra (Lair:5)
  Harold (Orc:1)
  2 catoblepae (Lair:6)
  A centaur warrior (D:14)
  4 two-headed ogres
  4 death yaks (Lair:6)
  3 unseen horrors
  A wizard (D:15)
  2 deep elf magi
  6 orc knights
  A wolf spider zombie (D:11)
  An ugly thing (D:11)
  5 cyclopes
  4 orc sorcerers (Orc:2)
  3 manticores
  Maurice (D:9)
  8 elephants (Lair:5)
  5 centaur zombies
  6 black mambas
  A torpor snail (Lair:5)
  7 spiny frogs
  2 rime drakes
  3 centaur skeletons (D:15)
  3 kobold demonologists
  A redback zombie (D:11)
  7 komodo dragons
  2 hellwings (D:11)
  3 trolls (Orc:2)
  A hornet (D:7)
  3 slime creatures (D:15)
  7 blink frogs
  10 hippogriffs
  12 dream sheep
  4 wyverns
  Sigmund (D:3)
  A water elemental (D:14)
  40 yaks
  2 wraiths
  3 vampire mosquitoes
  2 wargs (Orc:2)
  3 hungry ghosts
  3 basilisks
  A soldier ant (D:14)
  8 water moccasins
  6 porcupines
  A black bear (D:11)
  A swamp drake (Orc:1)
  2 eyes of draining
  4 sky beasts
  3 hornet zombies
  4 ice beasts
  A phantom (D:14)
  27 orc warriors
  A necrophage (D:8)
  11 ogres
  15 centaurs
  5 crocodiles
  15 bullfrogs
  4 big kobolds
  A wyvern zombie (D:11)
  A wyvern skeleton (D:10)
  7 scorpions
  4 killer bees (D:9)
  3 wights (D:15)
  7 howler monkeys
  5 crimson imps
  3 bullfrog zombies
  6 hounds
  13 orc priests
  11 jellies
  Crazy Yiuf (D:3)
  A gnoll shaman (D:9)
  5 bullfrog skeletons
  4 iguanas
  16 orc wizards
  12 worker ants
  A killer bee zombie (D:9)
  A hound skeleton (D:7)
  2 mummies (D:6)
  2 howler monkey zombies (D:8)
  13 adders
  8 gnolls
  9 shadow imps
  A white imp (Orc:1)
  6 oozes
  An adder zombie (D:10)
  2 worms
  3 leopard geckos
  98 orcs
  4 ball pythons
  2 bats
  7 giant cockroaches
  2 gnoll zombies (Ossuary)
  10 goblins
  5 hobgoblins
  8 jackals (D:6)
  15 kobolds
  5 quokkas
  4 frilled lizards
  A hobgoblin zombie (Ossuary)
  A jackal zombie (D:6)
  2 kobold zombies (Ossuary)
  2 leopard gecko skeletons (D:4)
  A leopard gecko zombie (D:7)
  2 quokka zombies
  6 rats
620 creatures vanquished.

Vanquished Creatures (collateral kills)
  An orc warlord (Orc:2)
  Josephine (D:13)
  A catoblepas (Lair:6)
  2 vault guards (D:13)
  A hydra (Lair:6)
  Erica (Orc:1)
  2 two-headed ogres
  7 death yaks (Lair:6)
  4 orc high priests (Orc:2)
  2 cyclopes (D:13)
  A manticore (Lair:6)
  2 black mambas (Lair:6)
  A torpor snail (Lair:4)
  5 elephants (Lair:5)
  A rime drake (Lair:4)
  2 komodo dragons
  2 trolls
  7 dream sheep
  3 hippogriffs
  4 blink frogs (Lair:5)
  A snapping turtle (Lair:4)
  3 wraiths (D:13)
  19 yaks
  A basilisk (Lair:1)
  2 hungry ghosts (D:10)
  A floating eye (shapeshifter) (D:13)
  A porcupine (Lair:5)
  14 orc warriors
  A sky beast (D:10)
  2 ice beasts
  A centaur (D:11)
  3 ogres
  A big kobold (D:10)
  4 bullfrogs
  A wyvern zombie (D:9)
  A scorpion (D:5)
  A wyvern skeleton (D:14)
  3 crimson imps
  2 centaur zombies
  6 jellies (Lair:6)
  24 orc priests
  A hound (D:11)
  A bullfrog skeleton (D:11)
  An iron imp (Orc:1)
  2 centaur skeletons
  5 orc wizards
  A worker ant (D:5)
  3 adders
  5 shadow imps
  4 oozes
  A leopard gecko (D:10)
  44 orcs
  A giant cockroach (D:4)
  4 jackals (D:5)
  A butterfly (Lair:6)
  2 fungi
  4 plants
222 creatures vanquished.

Vanquished Creatures (others)
  A deep elf mage (Orc:1)
  A wizard (D:12)
  An orc warrior (D:9)
  An orc (Orc:1)
  3 bushes
  9 fungi
  31 plants
47 creatures vanquished.

Grand Total: 889 creatures vanquished

Notes
Turn   | Place    | Note
-------+----------+-------------------------------------------
     0 | D:1      | JeffiDaFish the Mummy Necromancer began the quest for the
                  | Orb.
     0 | D:1      | Reached XP level 1. HP: 13/13 MP: 4/4
    11 | D:1      | Learned a level 1 spell: Animate Skeleton
   148 | D:1      | Reached XP level 2. HP: 20/20 MP: 0/5
   297 | D:1      | Reached skill level 3 in Spellcasting
   777 | D:2      | Reached skill level 1 in Fighting
   916 | D:2      | Reached XP level 3. HP: 16/26 MP: 0/7
  1172 | D:2      | Learned a level 3 spell: Vampiric Draining
  1396 | D:3      | Noticed Sigmund
  1818 | D:3      | Reached XP level 4. HP: 32/32 MP: 6/9
  2045 | D:3      | Found a runed translucent door.
  2046 | D:3      | Noticed Crazy Yiuf
  2220 | D:3      | Killed Crazy Yiuf
  2220 | D:3      | Reached skill level 5 in Necromancy
  2719 | D:3      | Killed Sigmund
  2719 | D:3      | Reached skill level 4 in Spellcasting
  2719 | D:3      | Reached XP level 5. HP: 37/39 MP: 4/11
  2820 | D:4      | Reached XP level 6. HP: 38/46 MP: 5/12
  2853 | D:4      | Learned a level 4 spell: Animate Dead
  3478 | D:4      | Found a hide-covered altar of Uskayaw.
  3915 | D:5      | Entered Level 5 of the Dungeon
  3988 | D:5      | Reached skill level 5 in Spellcasting
  4032 | D:5      | Reached XP level 7. HP: 48/52 MP: 8/14
  4321 | D:5      | Found an ornate altar of the Wu Jian Council.
  4766 | D:6      | Found a stormy altar of Qazlal.
  4793 | D:6      | Found a sparkling altar of Nemelex Xobeh.
  4840 | D:6      | Found a sand-covered staircase.
  4883 | Ossuary  | Entered an ossuary
  5173 | D:6      | Reached skill level 6 in Spellcasting
  5356 | D:6      | Reached XP level 8. HP: 13/61 MP: 17/17
  5743 | D:6      | Noticed a hippogriff
  5754 | D:6      | Killed a hippogriff
  6100 | D:6      | Learned a level 3 spell: Confuse
  6169 | D:6      | Reached skill level 5 in Fighting
  7172 | D:6      | Reached skill level 7 in Spellcasting
  7410 | D:7      | Reached skill level 1 in Hexes
  7585 | D:7      | Noticed a hornet
  7593 | D:7      | Killed a hornet
  7726 | D:7      | Reached XP level 9. HP: 68/68 MP: 15/20
  7800 | D:7      | Reached skill level 8 in Spellcasting
  8211 | D:7      | Found a staircase to the Ecumenical Temple.
  8253 | Temple   | Entered the Ecumenical Temple
  8340 | Temple   | Became a worshipper of Kikubaaqudgha
  8352 | D:7      | You fall into a shaft and drop 2 floors!
  8352 | D:9      | Found a staircase to the Lair.
  8621 | D:9      | Noticed Maurice
  8702 | D:9      | Killed Maurice
  8859 | D:9      | Reached skill level 9 in Spellcasting
  9338 | D:7      | Identified the +7 hand axe of Eternal Vigilance {chop,
                  | rPois MP-9 Int+2} (You found it on level 7 of the Dungeon)
  9346 | D:7      | Reached skill level 10 in Necromancy
  9727 | D:8      | HP: 2/70 [hornet zombie (4)]
 10475 | D:8      | Reached XP level 10. HP: 41/77 MP: 11/23
 10970 | D:8      | Reached * piety under Kikubaaqudgha
 10970 | D:8      | Identified Kikubaaqudgha's Handbook of Evil Magic
                  | (Kikubaaqudgha gifted it to you on level 8 of the Dungeon)
 10970 | D:8      | Received a gift from Kikubaaqudgha
 11378 | D:9      | Reached skill level 10 in Spellcasting
 11473 | D:9      | Found a glowing silver altar of Zin.
 11887 | D:9      | Reached ** piety under Kikubaaqudgha
 12169 | D:9      | Found a bloodstained altar of Trog.
 12591 | D:9      | Found a staircase to the Orcish Mines.
 13162 | D:9      | Reached skill level 11 in Spellcasting
 13948 | D:10     | Entered Level 10 of the Dungeon
 14093 | D:10     | Reached XP level 11. HP: 80/84 MP: 24/26
 14256 | D:10     | Reached *** piety under Kikubaaqudgha
 14256 | D:10     | Identified Kikubaaqudgha's Compendium of Dark Rituals
                  | (Kikubaaqudgha gifted it to you on level 10 of the Dungeon)
 14256 | D:10     | Received a gift from Kikubaaqudgha
 14266 | D:10     | Learned a level 5 spell: Dispel Undead
 14272 | D:10     | Learned a level 5 spell: Bolt of Draining
 14278 | D:10     | Learned a level 5 spell: Excruciating Wounds
 14404 | D:10     | Reached skill level 5 in Hexes
 14819 | D:10     | Noticed a soul eater
 14850 | D:10     | Learned a level 6 spell: Death Channel
 14900 | D:10     | Reached skill level 1 in Conjurations
 15462 | D:10     | Reached skill level 12 in Spellcasting
 15985 | Lair:1   | Entered Level 1 of the Lair of Beasts
 16113 | Lair:1   | Reached **** piety under Kikubaaqudgha
 17337 | Lair:3   | Found a staircase to the Snake Pit.
 17385 | Lair:3   | Noticed Fannar
 17393 | Lair:3   | Killed Fannar
 17561 | Lair:3   | Reached skill level 13 in Spellcasting
 17595 | Lair:3   | Noticed an oklob plant
 17596 | Lair:3   | Found the +7 pair of quick blades "Gyre" and "Gimble"
                  | {protect}
 17599 | Lair:3   | Noticed an oklob plant
 18048 | Lair:3   | Reached XP level 12. HP: 81/94 MP: 29/29
 19181 | Lair:4   | Found a staircase to the Shoals.
 19943 | Lair:5   | Reached skill level 14 in Spellcasting
 20301 | Lair:5   | Reached ***** piety under Kikubaaqudgha
 20378 | Lair:5   | Gained mutation: You are in touch with the powers of death.
                  | [Mummy growth]
 20378 | Lair:5   | Reached XP level 13. HP: 54/101 MP: 13/31
 20872 | Lair:5   | Upgraded the game from 0.24-a0-521-g122614b to
                  | 0.24-a0-524-gf43b32f
 21066 | Lair:6   | Entered Level 6 of the Lair of Beasts
 21284 | Lair:6   | Found a staircase to the Slime Pits.
 21555 | Lair:6   | Reached skill level 5 in Conjurations
 21557 | Lair:6   | Reached skill level 15 in Spellcasting
 22033 | Lair:6   | Reached skill level 10 in Fighting
 23260 | Lair:6   | Upgraded the game from 0.24-a0-524-gf43b32f to
                  | 0.24-a0-525-g9231cdc
 23669 | Lair:5   | Identified the +3 battleaxe of the Lives {chop, rElec MR+
                  | Int+2} (You found it on level 5 of the Lair of Beasts)
 24129 | D:11     | Reached skill level 16 in Spellcasting
 24186 | D:11     | Reached XP level 14. HP: 111/111 MP: 20/34
 24471 | D:10     | Upgraded the game from 0.24-a0-525-g9231cdc to
                  | 0.24-a0-529-g0b98641
 24702 | D:11     | Noticed Snorg
 25934 | D:11     | Killed Snorg
 25934 | D:11     | Reached skill level 15 in Necromancy
 26057 | D:12     | Found a bloodstained altar of Trog.
 26381 | D:12     | Reached ****** piety under Kikubaaqudgha
 26388 | D:12     | Received a gift from Kikubaaqudgha
 26424 | D:12     | Learned a level 8 spell: Infestation
 26766 | D:13     | Noticed Josephine
 26773 | D:13     | Killed Josephine
 27046 | D:13     | Found a gate to the Vaults.
 27778 | D:13     | Identified the +0 pair of gloves of Haeppuz {*Slow +Inv
                  | rElec MP+9} (You found it on level 13 of the Dungeon)
 28682 | D:14     | Reached skill level 17 in Spellcasting
 29103 | Orc:1    | Entered Level 1 of the Orcish Mines
 29302 | Orc:1    | Noticed Erica
 29306 | Orc:1    | Killed Erica
 29469 | Orc:1    | Noticed Harold
 29473 | Orc:1    | Killed Harold
 29725 | Orc:2    | Entered Level 2 of the Orcish Mines
 30390 | Orc:2    | Found a roughly hewn altar of Beogh.
 30417 | Orc:2    | Found Cerphij's Gadget Boutique.
 30605 | Orc:2    | Found Rosuur's Armour Shop.
 30687 | Orc:2    | Reached XP level 15. HP: 94/119 MP: 17/36
 31080 | Orc:2    | Found a staircase to the Elven Halls.
 31141 | Orc:2    | Found Gyhyn's Book Shoppe.
 31154 | Orc:2    | Bought a manual of Axes for 1435 gold pieces
 31175 | Orc:2    | Noticed an orc warlord
 31200 | Orc:2    | Killed an orc warlord
 31215 | Orc:2    | Found Ciobung's Antique Armour Shop.
 31241 | Orc:2    | Found a roughly hewn altar of Beogh.
 31871 | D:15     | Entered Level 15 of the Dungeon
 32195 | D:15     | Found a basalt altar of Yredelemnul.
 32204 | D:15     | Identified the +3 buckler of the Beekeeper {Dex+4}
 32703 | D:15     | Killed from afar by an orc sorcerer

Levels and vault maps discovered:
D:1:      erik_arrival_blinker_ship, layout_basic
D:2:      layout_rooms
D:3:      layout_loops_corners, uniq_crazy_yiuf_cottage, uniq_sigmund
D:4:      layout_loops_corners, eat_drink_and_be_merry_uskayaw
D:5:      layout_loops_cross, kennysheep_little_box, first_ration,
          chequers_jeans
D:6:      layout_loops_corners, lemuel_round_altar,
          nemelex_xobeh_ov_fountains_minmay,
          lightli_ossuary_entry_decrepit_ruins
D:7:      layout_loops_corners, minmay_temple_entry_large_hall
D:8:      cheibrodos_iron_armory, layout_loops_ring
D:9:      layout_loops_corners, lemuel_crystal_altar, kennysheep_mini_moat,
          minmay_lair_entry_grove, david_orc_4, uniq_maurice
D:10:     minmay_s_stair_smasher, layout_basic, hangedman_little_slice_of_home
D:11:     cheibrodos_grave_circle, layout_rooms, lemuel_flamethrower_1,
          uniq_snorg
D:12:     layout_roguey, minmay_tree_intersection, trog_wizard
D:13:     layout_small_grid, erik_vaults_2, uniq_josephine
D:14:     layout_small_grid, hangedman_decor_growths, lightli_minifort
D:15:     grunt_enter_depths_magical_seal, layout_gridville,
          yredelemnul_altar_generic, minmay_increasing_density
Temple:   nicolae_temple_elliptical
Lair:1:   layout_layer_cave
Lair:2:   layout_cave_pods, grunt_megastairs_3
Lair:3:   layout_loops_ring, dummy_snake_entry, serial_bayou_pond_a,
          serial_bayou_shore_b, minmay_lair_oklob_chamber, uniq_fannar
Lair:4:   layout_long_grid, minmay_shoals_entry_hut
Lair:5:   beast_lair_carwin_large_4, layout_hall_layers, grunt_megastairs_4,
          lemuel_fruit_tree
Lair:6:   evilmike_catoblepas_cave, layout_cave_pods,
          minmay_slime_entry_jelly_boxes, minmay_lindwurm_lava,
          lemuel_fruit_fields
Orc:1:    layout_diamond_mine, hangedman_minor_magic, uniq_harold, uniq_erica
Orc:2:    pubby_orc_utopia, serial_shops

Skill      XL: |  1  2  3  4  5  6  7  8  9 10 11 12 13 14 15 |
---------------+----------------------------------------------+-----
Spellcasting   | 3 4 5 6 7 9 11 13 14 16 17 | 17.9
Fighting       | 1 2 3 4 5 6 7 8 9 10 11 | 11.6
Necromancy     | 5 6 7 9 10 11 12 13 14 15 16 | 16.3
Hexes          | 1 3 4 5 |  5.0
Conjurations   | 2 4 5 7 |  7.0
Dodging        | |  1.5
Stealth        | |  1.5
Shields        | |  0.5

Action                   |  1- 3 |  4- 6 |  7- 9 | 10-12 | 13-15 || total
-------------------------+-------+-------+-------+-------+-------++-------
Melee: Spear             |    34 |   105 |   412 |       |       ||   551
       Dagger            |       |       |   154 |   690 |       ||   844
       Pair of quick bla |       |       |       |   185 |   603 ||   788
 Cast: Pain              |    49 |    45 |   106 |    87 |     3 ||   290
       Animate Skeleton  |    15 |     9 |     4 |       |       ||    28
       Vampiric Draining |     2 |     6 |    42 |    89 |    38 ||   177
       Animate Dead      |       |     5 |    19 |    53 |    75 ||   152
       Confuse           |       |       |    25 |    17 |    27 ||    69
       Bolt of Draining  |       |       |       |    51 |   196 ||   247
       Dispel Undead     |       |       |       |     5 |    23 ||    28
       Death Channel     |       |       |       |     8 |    22 ||    30
       Infestation       |       |       |       |       |     7 ||     7
Invok: Receive Corpses   |       |       |       |       |     3 ||     3
       Receive Necronomi |       |       |       |       |     1 ||     1
Evoke: Wand              |       |       |       |       |     3 ||     3
  Use: Scroll            |     5 |     3 |     8 |    11 |    10 ||    37
 Stab: Sleeping          |     2 |     3 |     9 |     6 |    10 ||    30
       Distracted        |       |     2 |     1 |     5 |     5 ||    13
       Confused          |       |       |     7 |     9 |    13 ||    29
Armor: Robe              |     6 |    15 |   208 |   314 |   213 ||   756
Dodge: Dodged            |    24 |    58 |   329 |   481 |   356 ||  1248
Block: Other             |       |     8 |    68 |    93 |    70 ||   239
       Reflection        |       |       |       |     3 |     7 ||    10

Table legend:
 A = Non-vault XP
 B = Vault XP
 C = Vault XP percentage of total XP
 D = Non-vault monster count
 E = Vault monster count
 F = Vault count percentage of total count
                 A         B        C        D         E       F
            +---------+---------+-------+---------+---------+-------
      Total |   63650 |   53602 |  45.7 |     529 |     308 |  36.8
            +---------+---------+-------+---------+---------+-------
        D:1 |      15 |       0 |   0.0 |       8 |       0 |   0.0
        D:2 |      51 |       0 |   0.0 |      15 |       0 |   0.0
        D:3 |      43 |     238 |  84.7 |      17 |       2 |  10.5
        D:4 |     260 |       0 |   0.0 |      17 |       0 |   0.0
        D:5 |     541 |       0 |   0.0 |      24 |       0 |   0.0
        D:6 |    1003 |      33 |   3.2 |      34 |       2 |   5.6
        D:7 |    2102 |       0 |   0.0 |      29 |       0 |   0.0
        D:8 |     868 |     137 |  13.6 |      20 |       1 |   4.8
        D:9 |    3254 |    2944 |  47.5 |      55 |      28 |  33.7
       D:10 |    2634 |    1422 |  35.1 |      31 |      19 |  38.0
       D:11 |    3718 |    4390 |  54.1 |      32 |      16 |  33.3
       D:12 |    1675 |       0 |   0.0 |      19 |       0 |   0.0
       D:13 |    7330 |    6746 |  47.9 |      32 |      12 |  27.3
       D:14 |    3938 |     730 |  15.6 |      29 |       7 |  19.4
       D:15 |    6225 |     693 |  10.0 |      24 |       1 |   4.0
     Lair:1 |    2621 |       0 |   0.0 |      14 |       0 |   0.0
     Lair:2 |     845 |     528 |  38.5 |       3 |       2 |  40.0
     Lair:3 |    2974 |     986 |  24.9 |      14 |       1 |   6.7
     Lair:4 |    5925 |     241 |   3.9 |      27 |       1 |   3.6
     Lair:5 |    5137 |    5755 |  52.8 |      22 |      16 |  42.1
     Lair:6 |   11053 |   10373 |  48.4 |      36 |      37 |  50.7
      Orc:1 |    1438 |    2636 |  64.7 |      27 |      18 |  40.0
      Orc:2 |       0 |   15743 | 100.0 |       0 |     140 | 100.0
    Ossuary |       0 |       7 | 100.0 |       0 |       5 | 100.0
            +---------+---------+-------+---------+---------+-------
